Map: [ESL] Gresvan

Players

Nice

  • Race: Protoss Protoss

Armani - Winner!

  • Race: Zerg Zerg

Event: IEM Katowice 2023

VOD

Have the link to the VOD?

Description

Time

  • Played on: Feb. 8, 2023, 7:57 a.m.
  • Length: 15:14

All games in this series

Show
View Real Time Build Order
Export as new Build Order

Nice Protoss 

Build Orders: 1 Gate Expand, Oracle Opening 

Get SALT Encoding   

  12  0:00  Probe  
  13  0:12  Probe  
  14  0:20  Pylon  
  14  0:24  Probe  
  15  0:30  Assimilator  
  15  0:38  Probe (Chrono Boost)  
  16  0:43  Gateway  
  17  0:50  Probe (Chrono Boost)  
  17  0:56  Probe (Chrono Boost)  
  18  1:05  Probe  
  19  1:17  Probe  
  20  1:24  Nexus  
  20  1:33  Cybernetics Core  
  20  1:39  Assimilator  
  20  1:41  Probe  
  21  1:47  Pylon  
  21  1:53  Probe  
  22  2:05  Probe (Chrono Boost)  
  22  2:07  Stalker (Chrono Boost)  
  23  2:11  Warp Gate  
  26  2:17  Probe (Chrono Boost)  
  26  2:22  Probe (Chrono Boost)  
  26  2:25  Stargate  
  27  2:34  Probe (Chrono Boost), Stalker  
  30  2:37  Probe (Chrono Boost)  
  32  2:47  Probe (Chrono Boost)  
  32  2:48  Probe (Chrono Boost)  
  33  2:52  Probe (Chrono Boost)  
  33  2:55  Probe  
  33  2:57  Gateway  
  35  3:04  Probe  
  36  3:08  Oracle (Chrono Boost)  
  39  3:13  Probe  
  39  3:19  Shield Battery  
  39  3:23  Shield Battery  
  39  3:25  Probe x2  
  41  3:33  Pylon  
  41  3:35  Oracle (Chrono Boost)  
  41  3:37  Probe x2  
  46  3:45  Pylon  
  46  3:51  Probe x2  
  47  4:01  Twilight Council  
  47  4:03  Probe  
  47  4:06  Nexus  
  47  4:08  Probe  
  49  4:13  Stalker  
  49  4:15  Probe  
  52  4:22  Gateway  
  52  4:24  Gateway  
  52  4:30  Gateway  
  52  4:33  Stalker  
  52  4:36  Resonating Glaives (Chrono Boost)  
  54  4:43  Gateway  
  52  4:47  Shield Battery, Probe  
  52  4:48  Probe  
  52  4:51  Assimilator  
  54  4:53  Adept  
  54  4:57  Pylon  
  56  5:01  Adept  
  56  5:04  Probe x2  
  60  5:19  Probe x3  
  63  5:23  Stalker  
  63  5:26  Adept x2  
  63  5:27  Adept  
  63  5:28  Adept  
  73  5:33  Shield Battery  
  73  5:36  Shield Battery  
  73  5:39  Pylon  
  73  5:40  Pylon  
  73  5:42  Stalker  
  73  5:52  Adept x5  
  83  5:58  Probe x3  
  83  6:01  Forge  
  87  6:12  Adept x3  
  87  6:15  Pylon  
  87  6:16  Pylon  
  87  6:17  Probe  
  93  6:22  Probe x2  
  93  6:23  Protoss Ground Weapons Level 1 (Chrono Boost)  
  87  6:35  Probe x2  
  87  6:36  Probe  
  87  6:39  Robotics Facility  
  82  6:51  Probe  
  79  6:57  Blink (Chrono Boost)  
  79  6:58  Stalker x4  
  79  6:59  Stalker  
  83  7:04  Assimilator, Probe x2  
  80  7:10  Assimilator  
  80  7:12  Pylon  
  80  7:14  Stalker  
  82  7:17  Gateway  
  82  7:20  Gateway, Probe x3  
  82  7:22  Assimilator  
  85  7:23  Immortal (Chrono Boost)  
  85  7:24  Pylon  
  85  7:26  Pylon  
  85  7:28  Shield Battery  
  89  7:32  Pylon, Probe  
  89  7:33  Zealot  
  89  7:37  Probe x2  
  94  7:44  Probe  
  95  7:53  Immortal (Chrono Boost)  
  95  7:55  Templar Archives  
  99  7:58  Nexus  
  99  7:59  Pylon  
  99  8:01  Probe x2  
  101  8:12  Probe  
  102  8:13  Probe x2  
  102  8:15  Psionic Storm  
  102  8:18  Zealot  
  103  8:20  Protoss Ground Weapons Level 2  
  103  8:24  Probe  
  103  8:25  Probe, Observer (Chrono Boost)  
  103  8:26  Shield Battery, Probe  
  107  8:27  Photon Cannon  
  107  8:33  Assimilator  
  107  8:37  Assimilator, Probe  
  107  8:38  Probe  
  107  8:39  Probe  
  110  8:43  Observer (Chrono Boost)  
  111  8:48  Zealot  
  111  8:49  Probe  
  111  8:50  Probe  
  111  8:51  Probe  
  111  8:54  Charge  
  116  8:57  High Templar x2  
  116  8:58  High Templar  
  116  9:02  Probe  
  123  9:05  Observer  
  123  9:08  Stalker x3  
  130  9:10  Stalker  
  130  9:14  Photon Cannon  
  130  9:15  Photon Cannon, Stalker  
  130  9:16  Shield Battery  
  129  9:31  Archon, Zealot x5  
  123  9:33  Stalker x2  
  123  9:34  Phoenix (Chrono Boost)  
  139  9:39  Photon Cannon  
  137  9:54  Stalker x2  
  137  9:55  Stalker x3  
  137  9:56  Stalker  
  149  10:00  Pylon  
  149  10:03  Phoenix (Chrono Boost)  
  148  10:16  High Templar x2  
  148  10:18  Photon Cannon  
  148  10:20  Photon Cannon  
  152  10:21  Stalker  
  152  10:22  Shield Battery, Stalker x3  
  152  10:23  Pylon  
  152  10:24  Archon, Zealot x2  
  164  10:32  Phoenix (Chrono Boost)  
  136  10:46  Stalker x5  
  136  10:47  Stalker  
  136  10:49  Zealot x2  
  151  10:52  Phoenix (Chrono Boost)  
  151  10:54  Protoss Ground Weapons Level 3 (Chrono Boost)  
  150  11:01  Templar Archives  
  150  11:06  Photon Cannon  
  150  11:10  Phoenix (Chrono Boost)  
  152  11:13  Zealot x3  
  158  11:24  Stalker x2  
  162  11:27  Phoenix (Chrono Boost)  
  159  11:33  Stalker  
  159  11:34  Stalker x3  
  163  11:41  Zealot, Stalker  
  159  11:48  Phoenix  
  159  11:51  Zealot x2  
  132  12:06  High Templar  
  132  12:07  High Templar  
  132  12:10  Archon  
  132  12:11  Observer  
  132  12:13  Phoenix (Chrono Boost)  
  130  12:18  Zealot x6  
  139  12:28  Probe x3  
  142  12:32  Phoenix (Chrono Boost)  
  144  12:42  Stalker x3  
  146  12:46  Zealot  
  145  12:52  Phoenix (Chrono Boost)  
  145  12:56  Probe  
  145  12:58  Fleet Beacon  
  148  13:04  Probe x3  
  151  13:08  Probe  
  151  13:09  Phoenix (Chrono Boost)  
  154  13:16  Probe x2  
  154  13:19  High Templar x2  
  160  13:20  Probe x2  
  160  13:23  Archon  
  160  13:24  Shield Battery  
  162  13:32  Probe  
  115  13:50  Stalker x4  
  119  13:56  Phoenix  
  113  14:14  High Templar x2, Stalker x3  
  119  14:18  Archon  
  119  14:31  High Templar  
  119  14:32  High Templar, Zealot  
  119  14:35  Archon  
  123  14:42  Stalker x3  
  129  14:51  Zealot x2  
  120  14:57  Zealot  
  94  15:06  Zealot x3  
Show
View Real Time Build Order
Export as new Build Order

Armani Zerg - Winner!

Build Orders: Hatch First 

Get SALT Encoding   

  12  0:00  Drone  
  13  0:12  Overlord  
  13  0:17  Drone  
  14  0:30  Drone x2  
  16  0:49  Hatchery  
  15  0:52  Drone  
  15  0:55  Drone  
  17  0:59  Drone  
  18  1:10  Extractor  
  17  1:14  Spawning Pool  
  17  1:18  Drone  
  17  1:20  Drone  
  18  1:28  Drone  
  19  1:40  Drone  
  20  1:51  Drone  
  21  2:01  Queen x2  
  21  2:02  Zergling x2  
  21  2:03  Overlord  
  26  2:11  Drone  
  26  2:12  Drone  
  26  2:14  Metabolic Boost  
  28  2:22  Drone  
  29  2:25  Drone  
  30  2:34  Hatchery  
  30  2:35  Drone  
  30  2:41  Drone  
  30  2:43  Drone  
  32  2:45  Drone  
  32  2:50  Queen  
  35  2:54  Overlord  
  35  2:57  Drone  
  36  3:11  Overlord, Queen  
  38  3:13  Drone x3  
  38  3:15  Drone  
  38  3:16  Drone  
  38  3:19  Drone  
  44  3:24  Overlord  
  44  3:31  Queen  
  46  3:39  Drone x2  
  48  3:42  Drone x2  
  48  3:43  Overlord  
  48  3:47  Zergling x10  
  55  3:51  Queen  
  55  3:55  Drone  
  57  3:57  Evolution Chamber  
  57  3:58  Overlord  
  56  4:04  Drone x2  
  56  4:06  Spore Crawler  
  56  4:07  Drone x2  
  59  4:10  Drone  
  59  4:11  Drone  
  59  4:16  Drone  
  59  4:17  Drone x3  
  65  4:19  Overlord  
  65  4:21  Drone  
  66  4:30  Zerg Ground Armor Level 1  
  66  4:31  Spore Crawler  
  65  4:38  Drone  
  66  4:40  Drone x5  
  66  4:43  Drone  
  66  4:45  Overlord  
  70  4:49  Extractor, Zergling x6  
  70  4:50  Zergling x2  
  70  4:52  Extractor, Drone  
  73  4:53  Overlord  
  73  4:55  Zergling x4  
  73  4:57  Drone  
  73  4:58  Lair  
  76  5:03  Drone, Roach Warren  
  76  5:05  Drone  
  77  5:12  Spore Crawler  
  77  5:13  Drone x2  
  78  5:20  Drone  
  80  5:21  Extractor  
  80  5:22  Extractor, Zergling x12  
  80  5:23  Overlord  
  80  5:27  Drone  
  80  5:28  Drone  
  86  5:29  Overlord  
  86  5:30  Drone  
  86  5:33  Drone x2  
  88  5:43  Hatchery  
  88  5:45  Drone x3  
  88  5:46  Overlord  
  88  5:47  Extractor  
  88  5:56  Glial Reconstitution  
  87  5:58  Drone x3  
  87  6:01  Overseer  
  87  6:02  Roach x6  
  98  6:14  Roach  
  98  6:15  Roach x4  
  98  6:16  Evolution Chamber  
  98  6:17  Evolution Chamber  
  106  6:20  Zergling x2  
  104  6:29  Zerg Ground Armor Level 2  
  97  6:32  Zergling x2  
  97  6:33  Queen x2, Zergling x10  
  97  6:37  Overlord  
  96  6:50  Zergling x20  
  99  7:06  Drone x4  
  99  7:08  Spire  
  102  7:09  Queen  
  104  7:16  Zerg Melee Weapons Level 1  
  104  7:18  Drone  
  105  7:24  Drone x3  
  105  7:28  Drone x2  
  105  7:29  Drone  
  111  7:30  Drone x6  
  111  7:31  Overlord  
  111  7:34  Ravager  
  118  7:46  Extractor  
  118  7:47  Extractor  
  116  7:55  Drone x4  
  116  7:56  Drone  
  120  8:03  Overlord  
  120  8:04  Overlord x2  
  120  8:06  Zergling x4  
  120  8:07  Zergling x10  
  120  8:11  Infestation Pit  
  126  8:22  Mutalisk x11  
  126  8:24  Zerg Flyer Weapons Level 1  
  148  8:30  Mutalisk  
  148  8:33  Zergling x2  
  148  8:34  Zergling x10  
  156  8:41  Overseer  
  156  8:47  Mutalisk  
  158  8:49  Overlord x3  
  158  8:50  Overlord  
  158  8:52  Overlord  
  158  8:54  Hatchery  
  157  9:01  Overlord  
  157  9:05  Mutalisk  
  157  9:06  Overlord  
  157  9:07  Hatchery  
  157  9:09  Mutalisk x5  
  168  9:11  Zergling x4  
  168  9:15  Zerg Melee Weapons Level 2  
  160  9:33  Mutalisk  
  160  9:34  Mutalisk x3  
  166  9:40  Zergling x32  
  182  9:53  Mutalisk x4  
  182  9:57  Zergling x14  
  186  10:10  Zergling x18  
  186  10:11  Zergling x4  
  195  10:15  Zergling x2  
  195  10:16  Zergling x4  
  195  10:21  Drone x2  
  182  10:41  Zerg Flyer Weapons Level 2  
  182  10:42  Mutalisk x9  
  190  10:54  Hive  
  187  11:00  Drone  
  187  11:02  Baneling Nest  
  187  11:03  Drone x2  
  184  11:04  Drone x2  
  184  11:05  Zergling x28  
  184  11:09  Pneumatized Carapace, Overseer  
  183  11:58  Centrifugal Hooks  
  174  12:02  Zergling x8  
  174  12:03  Zergling x46  
  174  12:08  Adrenal Glands  
  197  12:10  Ultralisk Cavern  
  197  12:11  Burrow, Pathogen Glands  
  192  12:26  Baneling x7  
  192  12:27  Baneling x24  
  192  12:28  Baneling  
  192  12:29  Zergling x18  
  199  12:39  Extractor  
  196  12:57  Zerg Flyer Armor Level 1  
  196  12:58  Anabolic Synthesis  
  193  13:03  Zergling x2  
  193  13:04  Zergling x12  
  200  13:07  Neural Parasite  
  177  13:45  Ultralisk x3  
  182  13:49  Zergling x36  
  195  13:57  Baneling x7  
  195  13:58  Baneling x19  
  189  14:13  Drone  
  189  14:14  Spore Crawler  
  189  14:16  Drone x2  
  187  14:17  Spore Crawler  
  187  14:21  Ultralisk x2  

Tags
 
Add a new tag
Caveats
  • Supply blocks, unpowered buildings, or Contaminate may cause inaccurate times.
  • Supply counts are checked every 10 seconds.